PAAA
PHOENIX HOTSPUR RESERVES @ SALT LAKE CITY BUZZ
09/02/2022
 
TOP OF THE 1ST
Phoenix Hotspur Reserves batting - Pitching for Salt Lake City Buzz : RHP Nathaniel O'Heyne
Pitching: RHP Nathaniel O'Heyne
Batting: RHB Gabriel Pérez 0-0: Ball
1-0: Called Strike
Single, Error in OF, E7, batter to second base
Batting: RHB Ben Anderson 0-0: Ground out 6-3 (Groundball, 56)
Batting: SHB Roberto López 0-0: Ball
1-0: Ball
2-0: Foul Ball, location: 2F
2-1: Ball
3-1: Base on Balls
Batting: RHB Martín Martínez 0-0: Ball
1-0: Ball
Wild Pitch!
Gabriel Pérez to third
Roberto López to second
2-0: Called Strike
2-1: Ground out 1-3 (Groundball, 13S)
Batting: RHB Jorge Gonzáles 0-0: Called Strike
0-1: Foul Ball, location: 2F
0-2: Ball
1-2: Foul Ball, location: 2F
1-2: Ball
2-2: Ball
3-2: Base on Balls
Batting: RHB Júlio Mateo 0-0: Fly out, F4 (Popup, 8LS)
Top of the 1st over - 0 run(s), 1 hit(s), 1 error(s), 3 left on base; Phoenix 0 - Salt Lake City 0
BOTTOM OF THE 1ST
Salt Lake City Buzz batting - Pitching for Phoenix Hotspur Reserves : LHP Joey Dudley
Pitching: LHP Joey Dudley
Batting: RHB Roberto Ríos 0-0: Ball
1-0: Ground out 4-3 (Groundball, 4M)
Batting: SHB Carlton Reed 0-0: Ball
1-0: Foul Ball, location: 2F
1-1: Ball
2-1: Swinging Strike
2-2: Strikes out swinging
Batting: LHB George Huffman 0-0: Ball
1-0: Ball
2-0: Fly out, F8 (Flyball, 8LM)
Bottom of the 1st over - 0 run(s), 0 hit(s), 0 error(s), 0 left on base; Phoenix 0 - Salt Lake City 0
TOP OF THE 2ND
Phoenix Hotspur Reserves batting - Pitching for Salt Lake City Buzz : RHP Nathaniel O'Heyne
Batting: RHB Ed Sharp 0-0: Fly out, F9 (Line Drive, 89M)
Batting: SHB Jesús González 0-0: Ball
1-0: Foul Ball, location: 2F
1-1: Fly out, F7 (Line Drive, 7M)
Batting: RHB Christian O'Neal 0-0: Ball
1-0: Called Strike
1-1: Hit by Pitch
Batting: RHB Gabriel Pérez 0-0: Hit by Pitch
Christian O'Neal to second
Batting: RHB Ben Anderson 0-0: Called Strike
0-1: Called Strike
0-2: Strikes out swinging
Top of the 2nd over - 0 run(s), 0 hit(s), 0 error(s), 2 left on base; Phoenix 0 - Salt Lake City 0
BOTTOM OF THE 2ND
Salt Lake City Buzz batting - Pitching for Phoenix Hotspur Reserves : LHP Joey Dudley
Batting: RHB Gustavo Mateo 0-0: Ball
1-0: Called Strike
1-1: Swinging Strike
1-2: Ball
2-2: Ground out 6-3 (Groundball, 6M)
Batting: SHB Wayne Saunders 0-0: Called Strike
0-1: Ball
1-1: Ball
2-1: Ball
3-1: Base on Balls
Batting: RHB Zach Lewis 0-0: Foul Ball, location: 2F
0-1: Swinging Strike
0-2: DOUBLE (Flyball, 7M)
Wayne Saunders to third
Batting: RHB Jim Coffey 0-0: Ball
1-0: Called Strike
1-1: Foul Ball, location: 2F
1-2: SINGLE (Line Drive, 7S)
Wayne Saunders scores
Zach Lewis to third
Runner from 3rd tries for Home, SAFE, throw made home
Jim Coffey to second
Batting: RHB Juan Martínez 0-0: Ball
1-0: Ball
2-0: Ball
3-0: Called Strike
3-1: Base on Balls
Batting: LHB Valentín Salas 0-0: Ball
1-0: Fielders Choice at 2nd, 3-6 (Groundball, 3)
Jim Coffey to third
Batting: RHB Roberto Ríos 0-0: Ball
1-0: Ball
2-0: Ground out 5-3 (Groundball, 56)
Bottom of the 2nd over - 2 run(s), 2 hit(s), 0 error(s), 2 left on base; Phoenix 0 - Salt Lake City 2
TOP OF THE 3RD
Phoenix Hotspur Reserves batting - Pitching for Salt Lake City Buzz : RHP Nathaniel O'Heyne
Batting: SHB Roberto López 0-0: Ball
1-0: Ball
2-0: Ball
3-0: Called Strike
3-1: Foul Ball, location: 2F
3-2: SINGLE (Groundball, 2R) (infield hit)
Batting: RHB Martín Martínez 0-0: Called Strike
0-1: Ball
1-1: Swinging Strike
1-2: Foul Ball, location: 2F
1-2: Foul Ball, location: 2F
1-2: Foul Ball, location: 2F
1-2: Fly out, F9 (Flyball, 9M)
Batting: RHB Jorge Gonzáles 0-0: Ball
Roberto López steals 2nd base
1-0: Ball
2-0: Called Strike
2-1: Swinging Strike
2-2: Ball
3-2: Base on Balls
Batting: RHB Júlio Mateo 0-0: Foul Ball, location: 2F
0-1: Fly out, F9 (Flyball, 89S)
Batting: RHB Ed Sharp 0-0: Called Strike
0-1: Swinging Strike
0-2: Strikes out swinging
Top of the 3rd over - 0 run(s), 1 hit(s), 0 error(s), 2 left on base; Phoenix 0 - Salt Lake City 2
BOTTOM OF THE 3RD
Salt Lake City Buzz batting - Pitching for Phoenix Hotspur Reserves : LHP Joey Dudley
Batting: SHB Carlton Reed 0-0: Foul Ball, location: 2F
0-1: Foul Ball, location: 2F
0-2: Ball
1-2: Ball
2-2: Foul Ball, location: 2F
2-2: Fly out, F6 (Popup, 6D)
Batting: LHB George Huffman 0-0: Called Strike
0-1: Ball
1-1: Ball
2-1: Fly out, F8 (Flyball, 89D)
Batting: RHB Gustavo Mateo 0-0: Ground out 1-3 (Groundball, 15)
Bottom of the 3rd over - 0 run(s), 0 hit(s), 0 error(s), 0 left on base; Phoenix 0 - Salt Lake City 2
TOP OF THE 4TH
Phoenix Hotspur Reserves batting - Pitching for Salt Lake City Buzz : RHP Nathaniel O'Heyne
Batting: SHB Jesús González 0-0: Called Strike
0-1: Fly out, F3 (Popup, 2R)
Batting: RHB Christian O'Neal 0-0: Ball
1-0: Ball
2-0: Foul Ball, location: 2F
2-1: Ball
3-1: Foul Ball, location: 2F
3-2: Base on Balls
Batting: RHB Gabriel Pérez 0-0: Ball
1-0: Grounds into double play, 6-4-3 (Groundball, 6)
Top of the 4th over - 0 run(s), 0 hit(s), 0 error(s), 0 left on base; Phoenix 0 - Salt Lake City 2
BOTTOM OF THE 4TH
Salt Lake City Buzz batting - Pitching for Phoenix Hotspur Reserves : LHP Joey Dudley
Batting: SHB Wayne Saunders 0-0: Ball
1-0: Ball
2-0: Foul Ball, location: 2F
2-1: Ball
3-1: Swinging Strike
3-2: Strikes out swinging
Batting: RHB Zach Lewis 0-0: Ball
1-0: Ball
2-0: TRIPLE (Line Drive, 9LS)
Batting: RHB Jim Coffey 0-0: Ball
1-0: Called Strike
1-1: SINGLE (Line Drive, 34)
Zach Lewis scores
Batting: RHB Juan Martínez 0-0: Fly out, F9 (Flyball, 9M)
Batting: LHB Valentín Salas 0-0: Called Strike
0-1: Foul Ball, location: 2F
0-2: Ball
1-2: Foul Ball, location: 2F
1-2: Ball
2-2: Foul Ball, location: 2F
2-2: Foul Ball, location: 2F
2-2: Ball
3-2: Fly out, F9 (Flyball, 89M)
Bottom of the 4th over - 1 run(s), 2 hit(s), 0 error(s), 1 left on base; Phoenix 0 - Salt Lake City 3
TOP OF THE 5TH
Phoenix Hotspur Reserves batting - Pitching for Salt Lake City Buzz : RHP Nathaniel O'Heyne
Batting: RHB Ben Anderson 0-0: Ball
1-0: Fly out, F8 (Flyball, 8RM)
Batting: SHB Roberto López 0-0: Swinging Strike
0-1: Foul Ball, location: 2F
0-2: Foul Ball, location: 2F
0-2: Ball
1-2: Ball
2-2: Foul Ball, location: 2F
2-2: Ball
3-2: Ground out 4-3 (Groundball, 4)
Batting: RHB Martín Martínez 0-0: Called Strike
0-1: Swinging Strike
0-2: Strikes out swinging
Top of the 5th over - 0 run(s), 0 hit(s), 0 error(s), 0 left on base; Phoenix 0 - Salt Lake City 3
BOTTOM OF THE 5TH
Salt Lake City Buzz batting - Pitching for Phoenix Hotspur Reserves : LHP Joey Dudley
Pitching: LHP Ray Davis
Batting: RHB Roberto Ríos 0-0: Called Strike
0-1: Swinging Strike
0-2: Ball
1-2: Ground out 5-3 (Groundball, 56)
Batting: SHB Carlton Reed 0-0: Foul Ball, location: 2F
0-1: Ball
1-1: Swinging Strike
1-2: Ball
2-2: Ground out 6-3 (Groundball, 6M)
Batting: LHB George Huffman 0-0: Ball
1-0: Fly out, F8 (Flyball, 8RS)
Bottom of the 5th over - 0 run(s), 0 hit(s), 0 error(s), 0 left on base; Phoenix 0 - Salt Lake City 3
TOP OF THE 6TH
Phoenix Hotspur Reserves batting - Pitching for Salt Lake City Buzz : RHP Nathaniel O'Heyne
Batting: RHB Jorge Gonzáles 0-0: Ball
1-0: Ball
2-0: Called Strike
2-1: Ball
3-1: Base on Balls
Pitching: RHP Deron Kuhn
Batting: RHB Júlio Mateo 0-0: Called Strike
0-1: Foul Ball, location: 2F
0-2: Foul Ball, location: 2F
0-2: Ball
1-2: Strikes out looking
Batting: RHB Ed Sharp 0-0: Ball
1-0: Ball
2-0: Called Strike
2-1: SINGLE (Groundball, 25) (infield hit)
Jorge Gonzáles to second
Batting: SHB Jesús González 0-0: Ball
1-0: Called Strike
1-1: Fielders Choice at 2nd, 1-6 (Groundball, 13)
Jorge Gonzáles to third
Batting: RHB Christian O'Neal 0-0: Foul Ball, location: 2F
0-1: Ball
1-1: Called Strike
1-2: Ball
2-2: Ball
3-2: Fly out, F7 (Flyball, 7M)
Top of the 6th over - 0 run(s), 1 hit(s), 0 error(s), 2 left on base; Phoenix 0 - Salt Lake City 3
BOTTOM OF THE 6TH
Salt Lake City Buzz batting - Pitching for Phoenix Hotspur Reserves : LHP Ray Davis
Batting: RHB Gustavo Mateo 0-0: Ball
1-0: Ball
2-0: Called Strike
2-1: Called Strike
2-2: Strikes out swinging
Batting: SHB Wayne Saunders 0-0: Foul Ball, location: 2F
0-1: Ball
1-1: DOUBLE (Flyball, 89XD)
Batting: RHB Zach Lewis 0-0: Ground out 5-3 (Groundball, 5)
Batting: RHB Jim Coffey 0-0: Ball
1-0: Called Strike
1-1: Ball
2-1: Foul Ball, location: 2F
2-2: Ball
3-2: Foul Ball, location: 2F
3-2: Foul Ball, location: 2F
3-2: Ground out 5-3 (Groundball, 5)
Bottom of the 6th over - 0 run(s), 1 hit(s), 0 error(s), 1 left on base; Phoenix 0 - Salt Lake City 3
TOP OF THE 7TH
Phoenix Hotspur Reserves batting - Pitching for Salt Lake City Buzz : RHP Deron Kuhn
Batting: RHB Gabriel Pérez 0-0: Ball
1-0: Called Strike
1-1: Ball
2-1: Ground out 6-3 (Groundball, 6S)
Batting: RHB Ben Anderson 0-0: Called Strike
0-1: Ball
1-1: SINGLE (Groundball, 6MD)
Batting: SHB Roberto López 0-0: Ball
1-0: Ball
2-0: Ball
3-0: Base on Balls
Ben Anderson to second
Pitching: RHP John Dufour
Batting: RHB Martín Martínez 0-0: Foul Ball, location: 2F
0-1: Foul Ball, location: 2F
0-2: Strikes out looking
Batting: RHB Jorge Gonzáles 0-0: Called Strike
Reached via error on a dropped throw, E1
Ben Anderson to third
Roberto López to second
Batting: RHB Júlio Mateo 0-0: Ball
1-0: Called Strike
1-1: SINGLE (Line Drive, 4M)
Ben Anderson scores
Roberto López to third
Jorge Gonzáles to second
Runner from 3rd tries for Home, SAFE, no throw or cutoff
Batting: RHB Ed Sharp 0-0: Ball
1-0: Ball
2-0: Called Strike
2-1: Ground out 5-3 (Groundball, 5S)
Top of the 7th over - 2 run(s), 2 hit(s), 1 error(s), 2 left on base; Phoenix 2 - Salt Lake City 3
BOTTOM OF THE 7TH
Salt Lake City Buzz batting - Pitching for Phoenix Hotspur Reserves : LHP Ray Davis
Batting: RHB Juan Martínez 0-0: Foul Ball, location: 2F
0-1: Called Strike
0-2: Foul Ball, location: 2F
0-2: Ground out 6-3 (Groundball, 6)
Batting: LHB Valentín Salas 0-0: Ball
1-0: Ball
2-0: Called Strike
2-1: Ball
3-1: DOUBLE (Flyball, 89M)
Batting: RHB Roberto Ríos 0-0: Called Strike
0-1: Ball
1-1: Ball
2-1: Foul Ball, location: 2F
2-2: Strikes out swinging
Batting: SHB Carlton Reed 0-0: Ball
1-0: Ball
2-0: Ball
3-0: Base on Balls
Batting: LHB George Huffman 0-0: Fly out, F7 (Flyball, 7M)
Bottom of the 7th over - 0 run(s), 1 hit(s), 0 error(s), 2 left on base; Phoenix 2 - Salt Lake City 3
TOP OF THE 8TH
Phoenix Hotspur Reserves batting - Pitching for Salt Lake City Buzz : RHP John Dufour
Pitching: RHP Jim Unknown
Batting: SHB Jesús González 0-0: Called Strike
0-1: Ball
1-1: Fly out, F7 (Popup, 7LS)
Batting: RHB Christian O'Neal 0-0: Ball
1-0: Hit by Pitch
Batting: RHB Gabriel Pérez 0-0: Called Strike
0-1: Ball
1-1: Swinging Strike
1-2: Foul Ball, location: 2F
1-2: Ball
2-2: Ball
3-2: Base on Balls
Christian O'Neal to second
Batting: RHB Ben Anderson 0-0: Called Strike
0-1: Swinging Strike
0-2: Strikes out swinging
Batting: SHB Roberto López 0-0: Called Strike
0-1: Foul Ball, location: 2F
0-2: Ball
1-2: Fly out, F6 (Popup, 6M)
Top of the 8th over - 0 run(s), 0 hit(s), 0 error(s), 2 left on base; Phoenix 2 - Salt Lake City 3
BOTTOM OF THE 8TH
Salt Lake City Buzz batting - Pitching for Phoenix Hotspur Reserves : LHP Ray Davis
Batting: RHB Gustavo Mateo 0-0: Swinging Strike
0-1: Ball
1-1: Called Strike
1-2: Fly out, F9 (Line Drive, 9M)
Pitching: RHP Richard Carlson
Batting: SHB Wayne Saunders 0-0: SINGLE (Groundball, 34)
Pinch Hitting: SHB Felipe González 0-0: Ball
1-0: Foul Ball, location: 2F
1-1: Called Strike
1-2: Ball
2-2: Ball
3-2: Foul Ball, location: 2F
3-2: Strikes out swinging
Pinch Hitting: LHB Fernando González 0-0: Ball
1-0: Fielders Choice at 2nd, U6 (Groundball, 6M)
Bottom of the 8th over - 0 run(s), 1 hit(s), 0 error(s), 1 left on base; Phoenix 2 - Salt Lake City 3
TOP OF THE 9TH
Phoenix Hotspur Reserves batting - Pitching for Salt Lake City Buzz : RHP Jim Unknown
Pitching: RHP Powell Horne
Now at 2B: Júlio Aguirre
Now at SS: José Guerra
Batting: RHB Martín Martínez 0-0: Called Strike
0-1: Called Strike
0-2: Ball
1-2: Ball
2-2: Foul Ball, location: 2F
2-2: Ball
3-2: Base on Balls
Batting: RHB Jorge Gonzáles 0-0: Ball
1-0: Ball
2-0: Ball
3-0: Base on Balls
Martín Martínez to second
Batting: RHB Júlio Mateo 0-0: Ball
1-0: Ball
2-0: Ball
3-0: Called Strike
3-1: Fly out, F4 (Popup, 4)
Pinch Hitting: RHB Andre Dixon 0-0: Called Strike
0-1: Foul Ball, location: 2F
0-2: Strikes out swinging
Batting: SHB Jesús González 0-0: Fly out, F7 (Flyball, 7M)
Top of the 9th over - 0 run(s), 0 hit(s), 0 error(s), 2 left on base; Phoenix 2 - Salt Lake City 3
This league is powered by Out of the Park Baseball, the baseball management simulation game for PC, Mac and Linux
Friday, April 15th, 2016 - OOTP Baseball 16.9 Build 39